 Dungeon Crawl Stone Soup version 0.17-a0-1056-g838d5c0 (webtiles) character file.

59 HEYYEYAAE the Skirmisher (level 4, -1/33 HPs)
             Began as an Octopode Abyssal Knight on May 16, 2015.
             Was a Believer of Lugonu.
             Slain by an orc (5 damage)
             ... on level 3 of the Dungeon.
             The game lasted 00:02:14 (1416 turns).

HEYYEYAAE the Skirmisher (Octopode Abyssal Knight)  Turns: 1416, Time: 00:02:14

Health: -1/33      AC:  1    Str: 11    XL:     4   Next: 3%
Magic:  4/5        EV: 13    Int: 14    God:    Lugonu [**....]
Gold:   125        SH:  0    Dex: 12    Spells: 0 memorised, 3 levels left

rFire  . . .     SeeInvis .     a - +1 hand axe
rCold  . . .     Clarity  .     (no shield)
rNeg   . . .     SustAb   .     (helmet restricted)
rPois  .         Gourm    .     (no amulet)
rElec  .         Spirit   .     c - ring of protection from magic
rCorr  .         Warding  .     (no ring)
rMut   .         Stasis   .     (no ring)
MR     +....                    (no ring)
Stlth  ++........               (no ring)
                                (no ring)
                                (no ring)
                                (no ring)

@: somewhat resistant to hostile enchantments, unstealthy
A: almost no armour, amphibious, 8 rings, constrict 8, camouflage 1, gelatinous
body 1
a: Depart the Abyss, Bend Space, Renounce Religion


You were on level 3 of the Dungeon.
You worshipped Lugonu.
Lugonu was pleased with you.
You were hungry.

You visited 1 branch of the dungeon, and saw 3 of its levels.
You visited the Abyss 1 time.

You collected 125 gold pieces.

Inventory:

Hand weapons
 a - a +1 hand axe (weapon)
Jewellery
 c - a ring of protection from magic (left tentacle)
 n - an uncursed ring of protection from fire {unknown}
Scrolls
 e - 3 scrolls of remove curse {unknown}
 h - a scroll of enchant weapon {unknown}
 j - 2 scrolls of magic mapping {unknown}
 q - a scroll of recharging {unknown}
Potions
 d - a potion of agility {unknown}
 f - 2 potions of might {unknown}
 g - a potion of curing {unknown}
 i - 2 potions of brilliance {unknown}
 k - a potion of degeneration {unknown}
 m - a potion of resistance {unknown}
 o - a potion of lignification {unknown}
Books
 p - a Fen Folio

   Spells                             Type                      Level
   a - Corpse Rot                     Necromancy                   2
   b - Stone Arrow                    Conjuration/Earth            3
   c - Leda's Liquefaction            Hexes/Earth                  4
   d - Summon Forest                  Summoning/Translocation      5
   e - Hydra Form                     Transmutation                6
   f - Summon Hydra                   Summoning                    7
Comestibles
 b - 2 bread rations
 l - a meat ration


   Skills:
 * Level 3.7 Fighting
 + Level 2.2 Axes
 * Level 3.2 Dodging
 + Level 2.5 Invocations


You had 3 spell levels left.
You didn't know any spells.

Dungeon Overview and Level Annotations

Branches:
Dungeon (3/15)

Altars:


Innate Abilities, Weirdness & Mutations

You cannot wear most types of armour.
You are amphibious.
You can wear up to eight rings at the same time.
You can use your tentacles to constrict eight enemies at once.
Your skin changes colour to match your surroundings (Stealth).
Your rubbery body absorbs attacks (AC +1).


Message History

Unknown command.
Use which ability? (? or * to list)
Okay, then.
Use which ability? (? or * to list) Space bends around you!
You blink.
You feel slightly more hungry.
Unknown command.
You slash the orc priest! You grab the orc priest.
The orc priest is heavily wounded.
You hit the orc wizard.
The orc wizard is lightly wounded.
You hit the orc.
The orc is lightly wounded.
You constrict the orc priest. The orc wizard hits you with a dagger.
The orc hits you.
* * * LOW HITPOINT WARNING * * *
The orc priest hits you with a mace.
* * * LOW HITPOINT WARNING * * *
The orc wizard completely misses you. The rat barely misses you.
The orc hits you.
You die...

###### ##..).####
........ #.....#
#.....# ####o@...#
#...oor#.# #...)).#
#...ยง..# # #......#
#######.####......#.#
..........>........$#
..#####.####....#####
..#<#......#....#


You could see an orc priest, an orc wizard, an orc and a rat.

Vanquished Creatures
  2 adders
  3 orcs (D:3)
  2 bats (D:1)
  4 giant cockroaches
  8 hobgoblins
  2 giant newts (D:1)
  2 goblins (D:1)
  7 kobolds
  3 rats
33 creatures vanquished.

Notes
Turn   | Place    | Note
--------------------------------------------------------------
     0 | Abyss:1  | HEYYEYAAE the Octopode Abyssal Knight began the quest for the Orb.
     0 | Abyss:1  | Reached XP level 1. HP: 16/16 MP: 2/2
    90 | Abyss:1  | Found a corrupted altar of Lugonu.
   107 | D:1      | Escaped the Abyss
   111 | D:1      | Noticed a human zombie
   116 | D:1      | Noticed an elf zombie
   120 | D:1      | Noticed a spriggan zombie
   122 | D:1      | Noticed a human zombie
   124 | D:1      | Noticed a formicid zombie
   126 | D:1      | Noticed a merfolk zombie
   126 | D:1      | Noticed a formicid zombie
   210 | D:1      | Reached XP level 2. HP: 21/21 MP: 3/3
   473 | D:1      | Acquired Lugonu's second power
   652 | D:1      | Reached XP level 3. HP: 19/26 MP: 4/4
  1158 | D:2      | You fall through a shaft!
  1413 | D:3      | Reached XP level 4. HP: 24/33 MP: 5/5
  1416 | D:3      | Slain by an orc

Vault maps used:
D:1:      shiori_arrival_whats_in_store_for_you, glass_columns_b,
          minmay_misc_feat_columns, minmay_cut_off
D:2:      first_bread

Action                   |  1- 3 |  4- 6 || total
-------------------------+-------+-------++-------
Melee: Hand axe          |    63 |     2 ||    65
Invok: Bend Space        |       |     1 ||     1
 Stab: Sleeping          |     5 |       ||     5
  Eat: Chunk             |     1 |       ||     1
